 Dungeon Crawl Stone Soup version 0.20-a0-465-g6513c8f (webtiles) character file.

11 Queen the Grave Robber (level 2, -3/19 HPs)
             Began as a Demonspawn Necromancer on Jan 12, 2017.
             Slain by a leopard gecko (4 damage)
             ... on level 1 of the Dungeon.
             The game lasted 00:04:59 (927 turns).

Queen the Grave Robber (Demonspawn Necromancer)      Turns: 927, Time: 00:05:00

Health: -3/19      AC:  2    Str:  8    XL:     2   Next: 13%
Magic:  5/5        EV: 12    Int: 16    God:
Gold:   13         SH:  0    Dex: 13    Spells: 3/5 levels left

rFire  . . .     SeeInvis .     (no weapon)
rCold  . . .     Gourm    .     a - +0 robe
rNeg   . . .     Faith    .     (no shield)
rPois  .         Spirit   .     (no helmet)
rElec  .         Reflect  .     (no cloak)
rCorr  .         Harm     .     (no gloves)
MR     .....                    (no boots)
Stlth  ++........               (no amulet)
                                (no ring)
                                (no ring)

@: no status effects
A: powered by pain 1
a: no special abilities


You were on level 1 of the Dungeon.
You were not hungry.

You visited 1 branch of the dungeon, and saw 1 of its levels.

You collected 13 gold pieces.

Inventory:

Armour
 a - a +0 robe (worn)
Potions
 e - a potion of curing {unknown}
 f - a potion of berserk rage {unknown}
Books
 b - a book of Necromancy

   Spells                             Type                      Level
   a - Pain                           Necromancy                   1
   b - Animate Skeleton               Necromancy                   1
   c - Vampiric Draining              Necromancy                   3
   d - Regeneration                   Charms/Necromancy            3
   e - Animate Dead                   Necromancy                   4
   f - Control Undead                 Necromancy                   4
Comestibles
 c - a bread ration
 d - 3 chunks of flesh


   Skills:
 - Level 1.7 Dodging
 - Level 1.7 Stealth
 - Level 2.0 Spellcasting
 + Level 5.0 Necromancy


You had 3 spell levels left.
You knew the following spells:

 Your Spells              Type           Power        Failure   Level  Hunger
a - Pain                  Necr           ###.         2%          1    #......
b - Animate Skeleton      Necr           N/A          2%          1    #......


Dungeon Overview and Level Annotations

Branches:
Dungeon (1/15)

Altars:


Innate Abilities, Weirdness & Mutations

You sometimes gain a little power by taking damage.


Message History

The quokka closely misses you. The rat bites you.
* * * LOW HITPOINT WARNING * * *
The quokka bites you.
* * * LOW HITPOINT WARNING * * *
Your goblin skeleton barely misses the rat.
The quokka bites your goblin skeleton. The rat misses you.
You swap places.
The goblin barely misses your goblin skeleton.
The quokka barely misses your goblin skeleton.
Your goblin skeleton closely misses the quokka.
The rat closely misses you. The quokka bites your goblin skeleton.
Your goblin skeleton is destroyed!
The goblin hits your goblin skeleton.
Your goblin skeleton closely misses the goblin.
The leopard gecko bites you but does no damage.
Your goblin skeleton closely misses the goblin.
The rat twitches its whiskers.
The goblin hits your goblin skeleton. The leopard gecko bites you.
You die...

..>............... ..
####.##..........## '# #'#
.##.#....##.# # ##.##
............##.### ##.(.##
.......Zg.g.......
##.....##.......rr.........
#.......######.#.####......
.........# #.#l# ......
#.......#### # #@# .....
##.....###.## #.# .....
###...###...## #.# ....
.###(###.....###.# ....
..##'##.......##.#
...'.'.........'.#
..##'##.......####
.###.###.....##
###...###...##


You could see a leopard gecko, a quokka, a goblin, a rat and a friendly goblin
skeleton.

Vanquished Creatures
  2 goblins (D:1)
  A hobgoblin (D:1)
  2 bats (D:1)
  2 kobolds (D:1)
  4 rats (D:1)
11 creatures vanquished.

Vanquished Creatures (collateral kills)
  A goblin (D:1)
1 creature vanquished.

Grand Total: 12 creatures vanquished

Notes
Turn   | Place    | Note
-------+----------+-------------------------------------------
     0 | D:1      | Queen the Demonspawn Necromancer began the quest for the Orb.
     0 | D:1      | Reached XP level 1. HP: 13/13 MP: 3/3
     2 | D:1      | Learned a level 1 spell: Animate Skeleton
   642 | D:1      | Gained mutation: You sometimes gain a little power by taking damage. [demonic ancestry]
   642 | D:1      | Reached XP level 2. HP: 5/19 MP: 0/5
   900 | D:1      | Reached skill level 5 in Necromancy
   927 | D:1      | Slain by a leopard gecko

Vault maps used:
D:1:      elethiomel_arrival_diamonds

Skill      XL: |  1  2 |
---------------+-------+-----
Necromancy     | 5 |  5.0
Dodging        | |  1.7
Stealth        | |  1.7
Spellcasting   | |  2.0

Action                   || total
-------------------------++-------
Melee: Unarmed           ||    28
 Cast: Pain              ||    16
       Animate Skeleton  ||     3
Armor: Robe              ||    10
Dodge: Dodged            ||    41
